 Dungeon Sprint DCSS version 0.22-a0-40-g3d2f077 (webtiles) character file.

5036 Faca the Carver (level 10, 0/77 HPs)
             Began as a Demonspawn Gladiator on Jan 5, 2018.
             Slain by a ghost moth (4 damage)
             ... in the Dungeon (Sprint IX: "|||||||||||||||||||||||||||||").
             The game lasted 00:07:21 (1630 turns).

Faca the Carver (Demonspawn Gladiator)              Turns: 1630, Time: 00:07:22

Health: 0/77       AC: 12    Str: 14      XL:     10   Next: 30%
Magic:  0/10       EV: 21    Int:  9 (10) God:    Xom [.....*]
Gold:   11         SH:  0    Dex: 16      Spells: 9/9 levels left

rFire    . . .     SeeInvis .   p - +2 scimitar (drain)
rCold    . . .     Gourm    .   (no shield)
rNeg     . . .     Faith    .   a - +0 steam dragon scales
rPois    .         Spirit   .   c - +0 helmet
rElec    .         Reflect  .   q - +0 cloak
rCorr    .         Harm     .   (no gloves)
MR       .....     NoTele   +   (no boots)
Stlth    +++.......             (no amulet)
HPRegen  0.22/turn              s - +2 ring of protection
MPRegen  0.12/turn              t - +2 ring of protection

@: lethally poisoned (0 -> -43)
A: claws 2, clumsy 1, frail 1, powered by death 1, spiny 2, sturdy frame 1
a: Renounce Religion


You were in the Dungeon.
You worshipped Xom.
You were Xom's teddy bear.
You were not hungry.

You visited 1 branch You collected 11 gold pieces.

Inventory:

Hand Weapons
 o - a +2 rapier of electrocution
 p - a +2 scimitar of draining (weapon)
Missiles
 d - 3 throwing nets (quivered)
Armour
 a - +0 steam dragon scales (worn)
 c - a +0 helmet (worn)
 q - a +0 cloak (worn)
 r - a +2 ring mail
Jewellery
 s - a +2 ring of protection (left claw)
 t - a +2 ring of protection (right claw)
Wands
 n - a wand of acid (10)
Scrolls
 k - a scroll of blinking
 l - 4 scrolls of remove curse
 m - 2 scrolls of amnesia
 w - 5 scrolls of identify
 x - 4 scrolls of enchant weapon
Potions
 b - a potion of resistance
 e - 5 potions of curing
 g - 4 potions of heal wounds
 h - a potion of haste
 i - 4 potions of magic
 j - a potion of invisibility
 u - 2 potions of berserk rage
 v - a potion of brilliance


   Skills:
 + Level 10.6 Fighting
 + Level 14.9 Long Blades
 - Level 3.4 Throwing
 + Level 3.5 Armour
 + Level 11.5 Dodging
 + Level 6.7 Stealth


You had 9 spell levels left.
You didn't know any spells.

Dungeon Overview and Level Annotations

Branches:
Dungeon (1/1)

Altars:
Cheibriados
Dithmenos
Elyvilon
Fedhas
Gozag
Hepliaklqana
Kikubaaqudgha
Makhleb
Nemelex Xobeh
Okawaru
Qazlal
Ru
Sif Muna
Trog
Uskayaw
Vehumet
Wu Jian
Xom
Yredelemnul
Zin
The Shining One
Beogh
Jiyva
Lugonu


Innate Abilities, Weirdness & Mutations

You have very sharp fingernails.
You regenerate a little health from kills.
You are mostly covered in sharp spines.
Your movements are slightly less encumbered by armour. (ER -2)
You are clumsy. (Dex -2)
You are frail. (-10% HP)


Message History

You feel very sick. Something hits you but does no damage. Something hits you.
* * * LOW HITPOINT WARNING * * *
You feel dopey.
Something stings you but does no damage.
A yak comes into view.
You barely miss something.
* * * LOW HITPOINT WARNING * * *
You feel very sick.
You feel you are being watched by something.
Something barely misses you. Something hits you!
* * * LOW HITPOINT WARNING * * *
Something stings you but does no damage.
The yak bellows!
You hit something but do no damage.
* * * LOW HITPOINT WARNING * * *
You feel very sick. Something hits you but does no damage. Something hits you.
You die...
Xom thinks this is hilarious!

, +,,,,,, ,,, ,,,, , , , , *
******* *** ****** ** * ,,, ,, ,,
, ,,,,,,,,,, ,,, * ** * ** * * *
** * ** * ∩ , , , ,,, ,, , , ,,
,, * ** ***** **** ** ***** * , ,
,,, ,,, , ,, , ,,,,,,
▓▓▓▓▓▓▓▓▓▓▓▓▓▓▓▓▓▓▓▓▓▓▓▓▓▓▓▓▓▓▓▓▓
Y.YYYYYY..YYYYY'@........†......(
▓▓▓▓▓▓▓▓▓▓▓▓▓▓▓▓▓▓▓▓▓▓▓▓▓▓▓▓▓▓▓▓▓
.................................
▓▓▓▓▓▓▓▓▓▓▓▓▓▓▓▓▓▓▓▓▓▓▓▓▓▓▓▓▓▓▓▓▓
.)|..'________________________'..
▓▓▓▓▓▓▓▓▓▓▓▓▓▓▓▓▓▓▓▓▓▓▓▓▓▓▓▓▓▓▓▓▓


You could see 2 death yaks and 3 yaks.

Vanquished Creatures
  A catoblepas (D)
  An ugly thing (D)
  An elephant (D)
  A black mamba (D)
  A komodo dragon (D)
  A hippogriff (D)
  A slime creature (D)
  2 yaks (D)
  2 wyverns (D)
  2 basilisks (D)
  A steam dragon (D)
  A water moccasin (D)
  A porcupine (D)
  An orc warrior (D)
  2 ice beasts (D)
  A centaur (D)
  4 crocodiles (D)
  2 bullfrogs (D)
  A scorpion (D)
  A killer bee (D)
  2 crimson imps (D)
  An iguana (D)
  An adder (D)
  A shadow imp (D)
  An adder skeleton (D)
  An orc (D)
  A bat (D)
  2 goblins (D)
  A hobgoblin (D)
  2 frilled lizards (D)
41 creatures vanquished.

Vanquished Creatures (others)
  A catoblepas (D)
1 creature vanquished.

Grand Total: 42 creatures vanquished

Notes
Turn   | Place    | Note
-------+----------+-------------------------------------------
     0 | D        | Faca the Demonspawn Gladiator began the quest for the Orb.
     0 | D        | Reached XP level 1. HP: 16/16 MP: 1/1
     5 | D        | Reached skill level 3 in Long Blades
    57 | D        | Noticed an ice beast
    57 | D        | Noticed a centaur
    63 | D        | Reached skill level 4 in Long Blades
    63 | D        | Gained mutation: You are partially covered in sharp spines. [demonic ancestry]
    63 | D        | Reached XP level 2. HP: 22/22 MP: 2/2
    68 | D        | Killed a centaur
    68 | D        | Reached skill level 5 in Long Blades
    68 | D        | Reached skill level 5 in Dodging
    68 | D        | Reached XP level 3. HP: 23/29 MP: 3/3
    68 | D        | Reached XP level 4. HP: 28/35 MP: 4/4
    73 | D        | Killed an ice beast
    73 | D        | Reached skill level 7 in Long Blades
    73 | D        | Gained mutation: You have sharp fingernails. [demonic ancestry]
    73 | D        | Reached XP level 5. HP: 35/42 MP: 5/5
    80 | D        | Found a roughly hewn altar of Beogh.
    80 | D        | Found a snail-covered altar of Cheibriados.
    80 | D        | Found a shadowy altar of Dithmenos.
    80 | D        | Found a white marble altar of Elyvilon.
    80 | D        | Found a blossoming altar of Fedhas.
    80 | D        | Found an opulent altar of Gozag.
    81 | D        | Found a hazy altar of Hepliaklqana.
    82 | D        | Found a viscous altar of Jiyva.
    83 | D        | Found an ancient bone altar of Kikubaaqudgha.
    84 | D        | Found a corrupted altar of Lugonu.
    85 | D        | Found a burning altar of Makhleb.
    93 | D        | Found a sparkling altar of Nemelex Xobeh.
    94 | D        | Found an iron altar of Okawaru.
    95 | D        | Found a stormy altar of Qazlal.
    96 | D        | Found a sacrificial altar of Ru.
    97 | D        | Found a deep blue altar of Sif Muna.
    98 | D        | Found a bloodstained altar of Trog.
    99 | D        | Found a hide-covered altar of Uskayaw.
   100 | D        | Found a radiant altar of Vehumet.
   101 | D        | Found an ornate altar of the Wu Jian Council.
   102 | D        | Found a shimmering altar of Xom.
   103 | D        | Found a basalt altar of Yredelemnul.
   104 | D        | Found a glowing silver altar of Zin.
   105 | D        | Found a glowing golden altar of the Shining One.
   110 | D        | Became a worshipper of The Xom-Meister
   236 | D        | Noticed an orc warrior
   242 | D        | Killed an orc warrior
   242 | D        | Reached skill level 8 in Long Blades
   242 | D        | Reached skill level 1 in Armour
   242 | D        | Reached skill level 1 in Stealth
   242 | D        | Gained mutation: Your movements are slightly less encumbered by armour. (ER -2) [demonic ancestry]
   242 | D        | Reached XP level 6. HP: 37/49 MP: 6/6
   250 | D        | Reached skill level 9 in Long Blades
   255 | D        | Reached skill level 5 in Fighting
   319 | D        | Noticed a slime creature
   319 | D        | Noticed an ice beast
   319 | D        | Noticed a cyan ugly thing
   319 | D        | Noticed a steam dragon
   323 | D        | Killed a steam dragon
   323 | D        | Gained mutation: You are mostly covered in sharp spines. [demonic ancestry]
   323 | D        | Reached XP level 7. HP: 45/56 MP: 7/7
   333 | D        | XOM: silly message
   335 | D        | Killed a cyan ugly thing
   335 | D        | Reached skill level 11 in Long Blades
   345 | D        | Killed a slime creature
   345 | D        | Reached XP level 8. HP: 50/65 MP: 8/8
   529 | D        | Noticed a black mamba
   531 | D        | Reached skill level 12 in Long Blades
   544 | D        | Killed a black mamba
   544 | D        | Reached skill level 10 in Dodging
   553 | D        | Reached skill level 13 in Long Blades
   553 | D        | Gained mutation: You have very sharp fingernails. [demonic ancestry]
   553 | D        | Reached XP level 9. HP: 48/74 MP: 9/9
   791 | D        | Noticed an elephant
   791 | D        | Noticed a komodo dragon
   798 | D        | XOM: cast spell 'Metabolic Englaciation'
   817 | D        | Killed a komodo dragon
   817 | D        | Reached skill level 5 in Stealth
   818 | D        | Reached skill level 14 in Long Blades
   821 | D        | XOM: divination: magic mapping
   826 | D        | Killed an elephant
   838 | D        | Gained mutation: You regenerate a little health from kills. [demonic ancestry]
   838 | D        | Reached XP level 10. HP: 48/85 MP: 10/10
   993 | D        | Noticed a death yak
   993 | D        | Noticed a catoblepas
   993 | D        | Noticed a catoblepas
   993 | D        | Noticed a death yak
   993 | D        | XOM: silly message
   994 | D        | XOM: cast spell 'Leda's Liquefaction'
  1015 | D        | Noticed a death yak
  1355 | D        | XOM: mild Chrm miscast
  1406 | D        | XOM: smoke on damage
  1426 | D        | Killed a catoblepas
  1426 | D        | Reached skill level 10 in Fighting
  1429 | D        | Killed a catoblepas
  1538 | D        | XOM: give mutations
  1538 | D        | Gained mutation: You are clumsy. (Dex -2) [Xom's mischief]
  1538 | D        | Gained mutation: You are frail. (-10% HP) [Xom's mischief]
  1620 | D        | a death yak changed into something unseen
  1620 | D        | XOM: polymorph death yak -> something unseen
  1630 | D        | Slain by a ghost moth

Vault maps used:
D:        linesprint

Skill      XL: |  1  2  3  4  5  6  7  8  9 10 |
---------------+-------------------------------+-----
Long Blades    | 4 5 7 8 9 11 13 14 | 14.9
Dodging        | 3 5 6 7 8 9 10 11 | 11.5
Throwing       | 2 3 |  3.4
Fighting       | 3 4 5 6 7 9 10 | 10.6
Armour         | 1 2 3 |  3.5
Stealth        | 1 2 3 5 6 |  6.7

Action                   |  1- 3 |  4- 6 |  7- 9 | 10-12 || total
-------------------------+-------+-------+-------+-------++-------
Melee: Long sword        |    24 |     6 |       |       ||    30
       Scimitar          |       |    28 |   104 |    39 ||   171
  Use: Potion            |     1 |       |     2 |     1 ||     4
       Scroll            |       |       |       |     1 ||     1
 Stab: Sleeping          |     1 |       |     1 |       ||     2
  Eat: Ration            |       |       |       |     1 ||     1
       Chunk             |       |       |       |     1 ||     1
Armor: Leather armour    |     3 |     1 |       |       ||     4
       Ring mail         |       |     7 |    10 |       ||    17
       Steam dragon scal |       |       |    12 |    29 ||    41
Dodge: Dodged            |    22 |    21 |    64 |    14 ||   121
       Rpst.: Long sword |     5 |     1 |       |       ||     6
       Scimitar          |       |     5 |    16 |     1 ||    22

Table legend:
 A = Spawn XP
 B = Non-spawn XP
 C = Spawn XP percentage of total XP
 D = Spawn monster count
 E = Non-spawn monster count
 F = Spawn count percentage of total count
 G = Total turns spent on level
                    A         B        C        D         E        F      G
               +---------+---------+-------+---------+---------+-------+---------
         Total |       0 |    7195 |   0.0 |       0 |      42 |   0.0 |  1630
               +---------+---------+-------+---------+---------+-------+---------
             D |       0 |    7195 |   0.0 |       0 |      42 |   0.0 |  1630
               +---------+---------+-------+---------+---------+-------+---------
